 Dungeon Crawl Stone Soup version 0.31-a0-543-geaa9c7a2c0 (webtiles) character file.

Game seed: 6510198152849009099

22068 JackS81 the Thaumaturge (level 12, -6/71 HPs)
             Began as a Deep Elf Summoner on Aug 15, 2023.
             Was a High Priest of Vehumet.
             Killed from afar by a lindwurm (19 damage)
             ... with a blast of flame
             ... on level 2 of the Lair of Beasts.
             The game lasted 01:49:56 (15256 turns).

JackS81 the Thaumaturge (Deep Elf Summoner)        Turns: 15256, Time: 01:49:57

Health: -6/71      AC:  6    Str:  9    XL:     12   Next: 59%
Magic:  11/32      EV: 16    Int: 22    God:    Vehumet [*****.]
Gold:   712        SH:  0    Dex: 17    Spells: 17/39 levels left

rFire   . . .        g - +3 dagger (venom)
rCold   . . .        (no shield)
rNeg    . . .        P - +2 robe {Will+}
rPois   .            (no helmet)
rElec   .            K - +0 cloak
rCorr   +            (no gloves)
SInv    .            p - +0 pair of boots
Will    ++...        (no amulet)
Stlth   +++          s - ring of resist corrosion
HPRegen 0.31/turn    A - +6 ring of dexterity
MPRegen 0.23/turn

%: no passive effects
@: very slightly contaminated
A: clumsy 2, wild magic 1
a: Renounce Religion


You were on level 2 of the Lair of Beasts.
You worshipped Vehumet.
Vehumet was extremely pleased with you.
You visited 2 branches of the dungeon, and saw 12 of its levels.

You collected 712 gold pieces.

Inventory:

Hand Weapons
 g - a +3 dagger of venom (weapon)
 t - the +8 hand axe "Ogre's Nightmare" {freeze, SInv}
   (You found it on level 1 of the Lair of Beasts)

   SInv:      It lets you see invisible.
 M - the +3 short sword of Rahason {holy, +Blink rF+ Will++ Int-3}
   (You found it on level 10 of the Dungeon)

   Int-3:     It affects your intelligence (-3).
   rF+:       It protects you from fire.
   Will++:    It greatly increases your willpower.
   +Blink:    It lets you blink.
 W - a +3 short sword of venom
Missiles
 u - a throwing net
 G - 24 poisoned darts
 N - 2 curare-tipped darts
 T - 6 silver javelins (quivered)
 X - 3 atropa-tipped darts
Armour
 p - a +0 pair of boots (worn)
 K - a +0 cloak (worn)
 P - a +2 robe of willpower (worn)
 Y - +0 steam dragon scales
Magical Staves
 q - a staff of death
Jewellery
 s - a ring of resist corrosion (left hand)
 A - a +6 ring of dexterity (right hand)
 S - a ring of see invisible
Talismans
 d - a serpent talisman
 h - a blade talisman
Wands
 c - a wand of mindburst (8)
 x - a wand of flame (3)
 z - a wand of roots (4)
 Z - a wand of quicksilver (3)
Scrolls
 a - a scroll of amnesia {unknown}
 f - a scroll of summoning {unknown}
 i - 3 scrolls of poison
 l - a scroll of fear {unknown}
 m - 3 scrolls of enchant armour
 o - 5 scrolls of teleportation
 v - a scroll of immolation
 w - 2 scrolls of fog
 y - a scroll of revelation
 I - a scroll of vulnerability {unknown}
 J - 2 scrolls of enchant weapon
 Q - a scroll of silence {unknown}
Potions
 b - a potion of magic
 e - 2 potions of heal wounds
 j - a potion of mutation
 k - 2 potions of lignification
 B - a potion of cancellation
 C - 3 potions of resistance
 D - 2 potions of attraction
 E - a potion of might
 F - a potion of curing
 L - a potion of brilliance {unknown}
 U - a potion of haste {unknown}


   Skills:
 * Level 6.7 Fighting
 - Level 0.1 Short Blades
 - Level 2.0 Staves
 * Level 7.4 Dodging
 + Level 4.8 Stealth
 + Level 14.4 Spellcasting
 * Level 9.2 Conjurations
 - Level 1.0 Hexes
 - Level 12.1 Summonings
 - Level 3.0 Necromancy
 + Level 2.6 Fire Magic
 * Level 5.2 Air Magic


You had 17 spell levels left.
You knew the following spells:

 Your Spells              Type           Power      Damage    Failure   Level
a - Summon Small Mammal   Summ           100%       N/A       1%          1
b - Call Imp              Summ           100%       N/A       1%          2
c - Summon Guardian Gole  Hex/Summ       55%        N/A       1%          3
d - Call Canine Familiar  Summ           74%        N/A       1%          3
e - Shock                 Conj/Air       100%       1d9       1%          1
f - Summon Lightning Spi  Summ/Air       63%        N/A       2%          4
g - Scorch                Fire           70%        2d7       1%          2
h - Conjure Ball Lightni  Conj/Air       29%        3x3d8     11%         6

Your spell library contained the following spells:

 Spells                   Type           Power      Damage    Failure   Level
 Leda's Unmaking          Conj/Erth      23%        9d4       28%         6
 Fulminant Prism          Conj/Hex       24%        3d12      2%          4
 Iskenderun's Mystic Bla  Conj/Tloc      47%        2d10      2%          4
 Volatile Blastmotes      Fire/Tloc      56%        2d14      3%          3
 Slow                     Hex            100%       N/A       4%          1
 Vampiric Draining        Necr           37%        2d8       5%          3
 Confusing Touch          Hex            26%        N/A       12%         3
 Discord                  Hex            13%        N/A       100%        8
 Disjunction              Tloc           10%        N/A       100%        8


Dungeon Overview and Level Annotations

Branches:
Dungeon (10/15)            Temple (0/1) D:7            Lair (2/5) D:10
  Swamp: Lair:2-3    Shoals: Lair:2-3     Snake: Lair:2-3    Spider: Lair:2-3
    Orc: D:9-12

Altars:
Ashenzari
Fedhas
Gozag
Hepliaklqana
Kikubaaqudgha
Sif Muna
Vehumet
Wu Jian
Zin
Lugonu

Shops:
D:7 [

Portals:
Abyss: D:3 D:4

Annotations:
D:4 2 transporters, mohammadb5305's ghost, amateur HuFE
D:9 exclusion: oklob plant
Lair:1 1 runed translucent door, Xafrigaq's ghost, journeyman GnRe


Innate Abilities, Weirdness & Mutations

You are very clumsy. (Dex -4)
Your spells are a little harder to cast, but a little more powerful.


Message History

Confirm with . or Enter, or press ? or * to list all spells.
Your warg disappears in a puff of smoke!
The boulder beetle leaps!
Your lightning spire shoots out a bolt of lightning at the polar bear!
The bolt of electricity hits the polar bear!
Casting: Call Canine Familiar (safe; 1% risk of failure)
Confirm with . or Enter, or press ? or * to list all spells.
A guardian golem appears, shielding your allies.
The polar bear closely misses your warg.
The polar bear claws your warg.
The polar bear claws your warg but does no damage.
Your warg bites the polar bear but does no damage.
Casting: Summon Guardian Golem (safe; 1% risk of failure)
Confirm with . or Enter, or press ? or * to list all spells.
A tiny devil pulls itself out of the air.
Your warg bites the polar bear.
The polar bear barely misses your warg.
The polar bear closely misses your warg.
The polar bear claws your warg.
Your lightning spire shoots out a bolt of lightning at the polar bear!
The bolt of electricity hits your cerulean imp.
Your cerulean imp resists.
The bolt of electricity misses the polar bear.
The bolt of electricity hits the blink frog!!
The bolt of electricity hits the yak!
Casting: Call Imp (safe; 1% risk of failure)
Confirm with . or Enter, or press ? or * to list all spells.
Your warg completely misses the polar bear.
The polar bear bites your warg! The polar bear barely misses your warg.
The polar bear claws your warg but does no damage.
The blink frog blinks!
Casting: Summon Small Mammal (safe; 1% risk of failure)
Confirm with . or Enter, or press ? or * to list all spells.
Your warg bites the polar bear.
The blink frog hits your cerulean imp!
Your cerulean imp dies!
Your cerulean imp disappears in a puff of smoke!
The polar bear closely misses your warg.
The polar bear claws your warg. x2
The lindwurm breathes flames at you. The blast of flame hits you!!
You die...

.................).........
................††.....#P.
.........####..........#
.......### ##.†.##.#.##
......## #.....##.### #
......# ##...##....#####...
+.r.##............
#...##...........#
#.b@##.......PP###
#...9####...####
#..8.h...#### ......§h...##
### .......kFYY..###.# ##
............Y.##...####.
..............Y...>.Y...
.........##..#...h.Y§†..
....#....#.#.Y.°...


You could see a lindwurm (catching breath), a polar bear (distracted, ally
target), 4 yaks, a blink frog (distracted), a friendly guardian golem
(summoned), a friendly warg (summoned, sheltered), a friendly lightning spire
(summoned, sheltered), a friendly quokka (summoned) and a friendly bat
(summoned, sheltered).

Vanquished Creatures
  A black mamba (Lair:2)
  A troll (D:10)
  A blink frog (Lair:2)
  Duvessa (D:4)
  A sky beast (D:7)
  A wolf (Lair:2)
  2 bullfrogs
  2 killer bees (D:10)
  An iguana (D:4)
  A white imp (D:6)
  2 dart slugs
  3 orcs
  5 endoplasms
  3 giant cockroaches
  3 hobgoblins
  2 quokkas
  2 ball pythons
  3 bats
  A frilled lizard (D:3)
  5 goblins
  8 kobolds
  3 rats
52 creatures vanquished.

Vanquished Creatures (collateral kills)
  The ghost of Beaer the Fighter, a journeyman DsFi of Okawaru (D:10)
  A two-headed ogre (D:10)
  A deep elf pyromancer (D:9)
  3 elephants (Lair:2)
  3 black mambas (Lair:2)
  A gargoyle (D:9)
  2 kobold demonologists (D:9)
  2 komodo dragons
  12 blink frogs
  Eustachio (D:5)
  17 yaks
  2 wyverns
  2 steam dragons
  A vampire mosquito (D:10)
  Menkaure (D:4)
  7 water moccasins
  2 sky beasts
  5 black bears
  An orc warrior (D:10)
  3 wolves (Lair:2)
  A centaur (D:9)
  A phantom (D:5)
  4 kobold brigands
  7 bullfrogs
  3 scorpions
  2 gnoll sergeants (D:9)
  4 wights
  14 killer bees
  5 howler monkeys
  3 orc priests
  2 jellies
  2 iguanas
  6 orc wizards
  Robin (D:2)
  8 gnolls
  5 adders
  A white imp (D:5)
  3 worms
  4 dart slugs
  17 orcs
  3 ball pythons
  3 endoplasms (D:1)
  2 giant cockroaches
  16 goblins
  3 hobgoblins
  A quokka (D:2)
  2 bats
  A frilled lizard (D:3)
  13 kobolds
  2 rats
  A lurking horror (D:3)
208 creatures vanquished.

Vanquished Creatures (others)
  Jeremiah (D:9)
  An elephant (Lair:2)
  A cyclops (D:9)
  2 black mambas (Lair:2)
  A komodo dragon (Lair:1)
  A troll (D:9)
  2 blink frogs (Lair:2)
  10 yaks
  A wyvern (D:7)
  A steam dragon (D:8)
  3 vampire mosquitoes (D:10)
  2 water moccasins (Lair:2)
  An orc warrior (D:8)
  A black bear (D:4)
  An ogre (D:4)
  2 wolves (Lair:2)
  A gnoll sergeant (D:8)
  A scorpion (D:2)
  4 wights (D:9)
  Dowan (D:4)
  3 killer bees
  A hound (D:4)
  An orc (D:10)
  7 ball lightnings
  A lurking horror (D:3)
51 creatures vanquished.

Grand Total: 311 creatures vanquished

Notes
Turn   | Place    | Note
-------+----------+-------------------------------------------
     0 | D:1      | JackS81 the Deep Elf Summoner began the quest for the Orb.
     0 | D:1      | Reached XP level 1. HP: 10/10 MP: 6/6
   239 | D:1      | Reached XP level 2. HP: 10/15 MP: 6/8
   242 | D:1      | Learned a level 2 spell: Call Imp
   437 | D:1      | Reached skill level 5 in Summonings
  1335 | D:2      | Reached XP level 3. HP: 19/19 MP: 7/10
  1377 | D:2      | Learned a level 3 spell: Summon Guardian Golem
  1457 | D:2      | Found a radiant altar of Vehumet.
  1497 | D:2      | Became a worshipper of Vehumet
  1760 | D:2      | Noticed a scorpion
  1787 | D:2      | Killed a scorpion
  1788 | D:2      | Reached skill level 1 in Fighting
  1788 | D:2      | Reached skill level 4 in Spellcasting
  1788 | D:2      | Reached XP level 4. HP: 25/25 MP: 8/12
  2076 | D:2      | Noticed Robin
  2094 | D:2      | Killed Robin
  2467 | D:3      | Reached * piety under Vehumet
  2467 | D:3      | Offered knowledge of Shock by Vehumet.
  2468 | D:3      | Reached XP level 5. HP: 29/29 MP: 10/14
  2488 | D:3      | Learned a level 3 spell: Call Canine Familiar
  2579 | D:3      | Found a corrupted altar of Lugonu.
  2653 | D:3      | Reached skill level 5 in Spellcasting
  2757 | D:3      | Learned a level 1 spell: Shock
  2802 | D:3      | Found a one-way gate to the infinite horrors of the Abyss.
  3147 | D:3      | Found a shimmering blue altar of Sif Muna.
  3535 | D:4      | Reached skill level 1 in Necromancy
  3566 | D:4      | Reached XP level 6. HP: 34/34 MP: 4/16
  3718 | D:4      | Reached skill level 1 in Staves
  3718 | D:4      | Reached skill level 1 in Conjurations
  3845 | D:4      | Found an ornate altar of the Wu Jian Council.
  3874 | D:4      | Noticed a small abomination
  3878 | D:4      | Noticed a small abomination
  3978 | D:4      | Found a transporter.
  4052 | D:4      | Found a transporter.
  4063 | D:4      | Noticed Duvessa
  4064 | D:4      | Noticed Dowan
  4066 | D:4      | Noticed Menkaure
  4075 | D:4      | Noticed mohammadb5305's ghost (amateur HuFE)
  4078 | D:4      | Killed Duvessa
  4079 | D:4      | Reached skill level 6 in Spellcasting
  4079 | D:4      | Reached skill level 1 in Air Magic
  4083 | D:4      | Killed Dowan
  4084 | D:4      | Reached XP level 7. HP: 22/40 MP: 8/18
  4090 | D:4      | Killed Menkaure
  4091 | D:4      | Offered knowledge of Foxfire by Vehumet.
  4129 | D:4      | Learned a level 4 spell: Summon Lightning Spire
  4346 | D:4      | Found a broken altar of Ashenzari.
  4781 | D:5      | Entered Level 5 of the Dungeon
  4808 | D:5      | Found a hazy altar of Hepliaklqana.
  4820 | D:5      | Reached skill level 1 in Hexes
  4825 | D:5      | Found an opulent altar of Gozag.
  4834 | D:5      | Reached skill level 7 in Spellcasting
  4927 | D:5      | Found an ancient bone altar of Kikubaaqudgha.
  5056 | D:5      | Reached ** piety under Vehumet
  5330 | D:5      | Reached XP level 8. HP: 45/45 MP: 11/21
  5453 | D:5      | Noticed Eustachio
  5484 | D:5      | Killed Eustachio
  6208 | D:6      | Reached skill level 8 in Spellcasting
  6763 | D:7      | Found a staircase to the Ecumenical Temple.
  7173 | D:7      | Offered knowledge of Scorch by Vehumet.
  7177 | D:7      | Learned a level 2 spell: Scorch
  7346 | D:7      | Reached XP level 9. HP: 49/52 MP: 15/23
  7353 | D:7      | Found Ycaograg's Antique Armour Boutique.
  7894 | D:8      | Reached skill level 5 in Conjurations
  7983 | D:8      | Reached skill level 1 in Fire Magic
  8147 | D:8      | Reached *** piety under Vehumet
  8786 | D:8      | Found a glowing silver altar of Zin.
  8793 | D:8      | Reached skill level 10 in Summonings
  9170 | D:8      | Reached XP level 10. HP: 32/58 MP: 11/24
  9387 | D:9      | Reached skill level 5 in Fighting
  9388 | D:9      | Offered knowledge of Inner Flame by Vehumet.
  9861 | D:9      | Reached **** piety under Vehumet
  9925 | D:9      | Noticed a cyclops
  9938 | D:9      | Killed a cyclops
  9959 | D:9      | Learned a level 6 spell: Conjure Ball Lightning
 10010 | D:9      | Noticed a gargoyle
 10021 | D:9      | Offered knowledge of Dazzling Flash by Vehumet.
 10588 | D:9      | Noticed a deep elf pyromancer
 10597 | D:9      | Killed a deep elf pyromancer
 10786 | D:9      | Killed a gargoyle
 10967 | D:9      | Found a blossoming altar of Fedhas.
 10987 | D:9      | Noticed an oklob plant
 11156 | D:9      | Noticed Jeremiah
 11172 | D:9      | Killed Jeremiah
 11173 | D:9      | Reached XP level 11. HP: 48/64 MP: 11/25
 11186 | D:9      | Noticed a sun demon
 11217 | D:9      | Reached skill level 9 in Spellcasting
 11503 | D:9      | Reached skill level 5 in Dodging
 11699 | D:10     | Entered Level 10 of the Dungeon
 11757 | D:10     | Noticed a two-headed ogre
 11774 | D:10     | Killed a two-headed ogre
 12145 | D:10     | Found a staircase to the Lair.
 12266 | D:10     | Reached skill level 10 in Spellcasting
 12995 | D:10     | Found a runed translucent gate.
 12995 | D:10     | Found a runed translucent gate.
 12995 | D:10     | Found a runed translucent gate.
 12998 | D:10     | Identified the +3 short sword of Rahason {holy, +Blink rF+
                  | Will++ Int-3}
 13002 | D:10     | Noticed Beaer's ghost (journeyman DsFi)
 13092 | D:10     | Killed Beaer's ghost
 13093 | D:10     | Reached skill level 11 in Spellcasting
 13557 | Lair:1   | Entered Level 1 of the Lair of Beasts
 13687 | Lair:1   | Reached ***** piety under Vehumet
 13698 | Lair:1   | Identified the +8 hand axe "Ogre's Nightmare" {freeze,
                  | SInv}
 13822 | Lair:1   | Found a runed translucent door.
 13824 | Lair:1   | Noticed Xafrigaq's ghost (journeyman GnRe)
 13829 | Lair:1   | Offered knowledge of Leda's Unmaking by Vehumet.
 13831 | Lair:1   | Reached skill level 12 in Spellcasting
 14461 | Lair:2   | Reached XP level 12. HP: 47/70 MP: 15/30
 14490 | Lair:2   | Reached skill level 13 in Spellcasting
 14828 | Lair:2   | Gained mutation: You are clumsy. (Dex -2) [potion of
                  | mutation]
 14828 | Lair:2   | Gained mutation: You are very clumsy. (Dex -4) [potion of
                  | mutation]
 14828 | Lair:2   | Gained mutation: Your spells are a little harder to cast,
                  | but a little more powerful. [potion of mutation]
 15049 | Lair:2   | Reached skill level 14 in Spellcasting
 15049 | Lair:2   | Reached skill level 5 in Air Magic
 15244 | Lair:2   | Noticed a boulder beetle
 15256 | Lair:2   | Killed from afar by a lindwurm

Illustrated notes

Levels and vault maps discovered:
D:1:      elethiomel_arrival_shortcut, layout_basic
D:2:      layout_basic, basic_altar, uniq_robin
D:3:      layout_loops_ring, nicolae_sif_muna_condensation,
          amcnicky_altar_lugonu_corruption
D:4:      layout_basic, mainiacjoe_overflow_boulevard, ashenzari_altar_1,
          gammafunk_ghost_abyssal_escape, uniq_duvessa, uniq_menkaure
D:5:      layout_rooms, lemuel_doored_altar, mainiacjoe_overflow_catwalk_spiral,
          serial_glass, glass_columns_c, glass_columns_b, due_unseen_surprise,
          feat_on_display, uniq_eustachio
D:6:      layout_loops_corners
D:7:      lemuel_ice_spiral_2, layout_rooms, temple_statues, serial_shops, shop,
          grunt_ministairs_15
D:8:      layout_basic, zin_statuary, minmay_misc_feat_four_crosses
D:9:      minmay_opposing_rooms, layout_loops_corners, tgw_fedhas, uniq_jeremiah
D:10:     layout_stronghold, due_lair_maze_entry_diamond,
          ebering_ghost_rock_garden, st_stairs_9
Lair:1:   layout_loops_ring, gammafunk_ghost_grave
Lair:2:   layout_regular_city, minmay_snake_entry_six_corridors,
          beast_lair_carwin_3, grunt_megastairs_4, uniq_sonja

Skill      XL: |  1  2  3  4  5  6  7  8  9 10 11 12 |
---------------+-------------------------------------+-----
Summonings     | 5 6 7 10 12 | 12.1
Fighting       | 1 2 3 4 5 6 |  6.7
Spellcasting   | 4 5 6 7 8 12 14 | 14.4
Necromancy     | 1 2 3 |  3.0
Staves         | 1 2 |  2.0
Conjurations   | 1 2 4 6 7 8 9 |  9.2
Stealth        | 3 4 |  4.8
Air Magic      | 1 2 4 5 |  5.2
Dodging        | 3 4 6 7 |  7.4
Hexes          | 1 |  1.0
Fire Magic     | 1 2 |  2.6
Short Blades   | |  0.1

Action                     |  1- 3 |  4- 6 |  7- 9 | 10-12 || total
---------------------------+-------+-------+-------+-------++-------
  Melee: Dagger            |    49 |    27 |    35 |    41 ||   152
         Unarmed           |     1 |       |       |       ||     1
         Punch             |     1 |       |     2 |       ||     3
  Throw: Stone             |       |     1 |       |       ||     1
   Cast: Summon Small Mamm |    21 |    21 |    34 |    40 ||   116
         Call Imp          |    13 |    15 |    37 |    58 ||   123
         Summon Guardian G |     2 |     8 |    29 |    49 ||    88
         Call Canine Famil |       |    16 |    48 |    64 ||   128
         Shock             |       |     5 |     1 |       ||     6
         Summon Lightning  |       |       |     4 |    43 ||    47
         Scorch            |       |       |     4 |    10 ||    14
         Conjure Ball Ligh |       |       |       |     3 ||     3
  Evoke: Wand              |       |     1 |       |     1 ||     2
    Use: Potion            |       |     3 |     2 |     5 ||    10
         Scroll            |       |       |     8 |     8 ||    16
   Stab: Sleeping          |     5 |     2 |     2 |       ||     9
         Distracted        |       |     1 |       |     3 ||     4
 Armour: Robe              |     4 |     6 |    12 |    21 ||    43
         Skin              |       |    23 |     7 |       ||    30
  Dodge: Dodged            |    24 |    19 |    35 |   115 ||   193

Table legend: (Time is in decaauts)
 A = Elapsed time spent in this place.
 B = Non-inter-level travel time spent in this place.
 C = Inter-level travel time spent in this place.
 D = Time resting spent in this place.
 E = Time spent auto-exploring this place.
 F = Levels seen in this place.
 G = Mean time per level.
                   A        B        C        D        E       F      G
               +--------+--------+--------+--------+--------+-----+--------+
         Total |  15257 |  14784 |    473 |   1823 |   9636 |  12 | 1271.4 |
       Dungeon |  13558 |  13101 |    457 |   1269 |   8974 |  10 | 1355.8 |
          Lair |   1699 |   1684 |     15 |    554 |    662 |   2 |  849.5 |
               +--------+--------+--------+--------+--------+-----+--------+

Top non-repeatable levels by time:
     D:9: 2168 daAuts
     D:8: 2008 daAuts
    D:10: 1819 daAuts
     D:1: 1313 daAuts
     D:4: 1268 daAuts
     D:2: 1127 daAuts
  Lair:1: 1074 daAuts
     D:3: 1068 daAuts
     D:6: 1063 daAuts
     D:7: 905 daAuts
     D:5: 814 daAuts
  Lair:2: 625 daAuts
